Cogmind - Beta 14 @@@ ROGUE MODE // 2025.04.07 @ 17:07:07 Player: K0T Result: Destroyed by G-47 Trooper with Particle Gun Performance ------------- Evolutions (0) 0 Regions Visited (1) 200 Robots Destroyed (10) 50 Value Destroyed (208) 208 Prototype IDs (0) 0 Alien Tech Used (0) 0 Bonus (0) 0 TOTAL SCORE: 458 Bonus ------- None Cogmind --------- Core Integrity 0/250 Matter 300/300 Energy 100/100 System Corruption 0% Temperature Cool (27) Movement Core (150) Ox2 Location -10/Materials Parts ------- > --- POWER (1) -------- (None) > --- PROPULSION (2) --- (None) > --- UTILITY (2) ------ Small Storage Unit Hacking Suite > --- WEAPON (2) ------- Mining Claw > --- INVENTORY (8) ---- Ion Engine Light Nuclear Core Flight Unit Improved Heat Sink Medium Battery (150) Machine Analyzer Grenade Launcher Peak State ------------ > --- POWER ------------ Ion Engine > --- PROPULSION ------- Wheel Compact Wheel > --- UTILITY ---------- Improved Heat Sink Small Storage Unit > --- WEAPON ----------- Assault Rifle Light Assault Rifle > --- INVENTORY -------- Light Nuclear Core Light Treads Light Treads Aluminum Leg Aluminum Leg Small Laser Grenade Launcher Mining Claw [Rating: 10] Favorites ----------- Power Ion Engine Engine Ion Engine Propulsion Flight Unit Leg Aluminum Leg Wheel Wheel Flight Unit Flight Unit Utility Small Storage Unit Device Improved Heat Sink Storage Small Storage Unit Hackware Hacking Suite Weapon Mining Claw Ballistic Gun Assault Rifle Slashing Weapon Mining Claw Special Melee Weapon Datajack Build | -11 -10 ------- Run | Yrd Mat Slots Evolved . | . . Power . | . . Propulsion . | . . Utility . | . . Weapon . | . . Parts Attached 16 | 7 9 Power 1 | 1 . Engine 1 | 1 . Core . | . . Reactor . | . . Propulsion 7 | 3 4 Treads . | . . Leg 3 | 1 2 Wheel 2 | 2 . Hover . | . . Flight 2 | . 2 Utility 3 | 1 2 Device 1 | . 1 Storage 1 | 1 . Processor . | . . Hackware 1 | . 1 Protection . | . . Artifact . | . . Weapon 5 | 2 3 Energy Gun . | . . Energy Cannon . | . . Ballistic Gun 3 | 2 1 Ballistic Cannon . | . . Launcher . | . . Special Weapon . | . . Impact Weapon . | . . Slashing Weapon 1 | . 1 Piercing Weapon . | . . Special Melee Weapon 1 | . 1 Unidentified Prototypes . | . . Parts Lost 3 | . 3 Power . | . . Propulsion 2 | . 2 Utility . | . . Weapon 1 | . 1 Highest Loss Streak 3 | . 3 To Critical Strikes . | . . Average Slot Usage (%) 81 | . 81 Engine 8 | . 8 Leg 2 | . 2 Wheel 13 | . 13 Flight 8 | . 8 Device 3 | . 3 Storage 14 | . 14 Hackware 7 | . 7 Ballistic Gun 11 | . 11 Slashing Weapon 10 | . 10 Peak Build Rating 10 | 6 10 Average Rating 7 | 3 8 On Entrance 3 | . 6 Naked Turns . | . . Heaviest Build 15 | 13 15 Greatest Support 26 | 26 26 Greatest Overweight (x) 4 | . 4 Average Overweight (x) . | . . Largest Inventory Capacity 8 | 8 8 Average Capacity 7 | 6 8 Most Carried 8 | 6 8 Average Carried 7 | 4 7 Final Capacity 8 | 8 8 Final Carried 7 | 6 7 Class Distribution -------------------- 100% | Mutant Dominant Class ---------------- Mutant | -10/Materials Resources | -11 -10 ----------- Run | Yrd Mat Matter Collected 391 | 270 121 Remotely . | . . Salvage Created 448 | . 448 Parts 21 | . 21 Haulers Intercepted 1 | . 1 Recyclers Shooed . | . . Parts Field Recycled . | . . Retrieved Matter . | . . Parts Self-Destructed . | . . Prevented . | . . Kills | -11 -10 ------- Run | Yrd Mat Combat Hostiles Destroyed 4 | . 4 Melee 2 | . 2 Guns 2 | . 2 Classes Destroyed 5 | . 5 Hauler 1 | . 1 Recycler 2 | . 2 Mechanic 1 | . 1 Operator 2 | . 2 Grunt 4 | . 4 Best Kill Streak 3 | . 3 Combat Bots Only 1 | . 1 Max Kills in Single Turn 1 | . 1 Gunslinging . | . . Exploded . | . . Melee 1 | . 1 Uniques/NPCs Destroyed . | . . Combat | -11 -10 -------- Run | Yrd Mat Hostile Shots Fired 45 | . 45 Missed 7 | . 7 Damage Taken 504 | . 504 Core 264 | . 264 Absorbed by Shields . | . . Core Remaining (%) 100 | 100 . Volleys Fired 17 | . 17 Largest 2 | . 2 Hottest 40 | . 40 Shots Fired 21 | . 21 Gun 21 | . 21 Cannon . | . . Launcher . | . . Special . | . . Kinetic 21 | . 21 Thermal . | . . Explosive . | . . Electromagnetic . | . . Robot Hit Streak 7 | . 7 Robot Miss Streak 2 | . 2 Penetration Max . | . . Secondary Targets . | . . Shots Hit Robots 38 | . 38 Core Hits 15 | . 15 Critical Kills . | . . Critical Parts Destroyed . | . . Critical Strikes . | . . Melee Attacks 31 | . 31 Impact . | . . Slashing 29 | . 29 Piercing . | . . Sneak Attacks 4 | . 4 Combat Hostiles . | . . Follow-up Attacks . | . . Damage Inflicted 708 | . 708 Guns 131 | . 131 Cannons . | . . Explosions . | . . Melee 577 | . 577 Ramming . | . . Kinetic 131 | . 131 Thermal . | . . Explosive . | . . Electromagnetic . | . . Impact . | . . Slashing 577 | . 577 Piercing . | . . Highest Corruption . | . . Average Corruption . | . . Corruption Purged . | . . Corruption Blocked . | . . Overload Shots . | . . Overflow Damage 8 | . 8 Projectiles . | . . Explosions . | . . Melee 8 | . 8 Knockbacks . | . . Impact . | . . Kinetic . | . . Secondary . | . . Self-Inflicted Damage . | . . Shots . | . . Rammed . | . . Targets Rammed . | . . Kicked . | . . Crushed . | . . Highest Temperature 27 | . 27 Average Temperature 14 | . 14 Received Heat Transfer 342 | . 342 Siege Activations . | . . Robots Corrupted . | . . Combat Hostiles . | . . Parts Fried . | . . Impact Corruptions . | . . Robots Melted . | . . Combat Hostiles . | . . Parts Melted . | . . Heat Transferred . | . . Parts Sabotaged . | . . Parts Stolen . | . . Parts Stripped . | . . Power Chain Reactions . | . . Alert | -11 -10 ------- Run | Yrd Mat Peak Influence 217 | . 217 Initial . | . . Average 93 | . 109 Maximum Alert Level 1 | . 1 Low Security (%) 84 | 100 81 Level 1 15 | . 18 Level 2 . | . . Level 3 . | . . Level 4 . | . . Level 5 . | . . High Security . | . . Max Security . | . . Squads Dispatched 1 | . 1 Investigation . | . . Extermination . | . . Reinforcement 1 | . 1 Assault . | . . Garrison . | . . Intercept . | . . Searches Triggered . | . . Construction Impeded . | . . Haulers Reinforced . | . . Active Scanning Responses . | . . Cargo Convoy Interrupts . | . . Stealth | -11 -10 --------- Run | Yrd Mat Distress Signals . | . . Communications Jammed . | . . Distress Signals . | . . Times Spotted 12 | . 12 Peak Tracking Total 3 | . 3 Tactical Retreats 1 | . 1 Traps | -11 -10 ------- Run | Yrd Mat Traps Triggered . | . . Indirectly . | . . Trap Hack Attempts . | . . Triggered . | . . Disarmed . | . . Reprogrammed . | . . Reused . | . . Traps Extracted . | . . Installed . | . . Triggered . | . . Machines | -11 -10 ---------- Run | Yrd Mat Machines Disabled . | . . Max in Single Turn . | . . Machines Repaired . | . . Machines Dismantled . | . . Machines Sabotaged . | . . Overloaded Fab Kills . | . . Hacking | -11 -10 --------- Run | Yrd Mat Machines Accessed 3 | . 3 Terminals 2 | . 2 Fabricators . | . . Repair Stations . | . . Recycling Units 1 | . 1 Scanalyzers . | . . Garrison Access . | . . Total Hacks 9 | . 9 Successful 3 | . 3 Failed 6 | . 6 Catastrophic . | . . Database Lockouts . | . . Manual 9 | . 9 Terminals 7 | . 7 Fabricators . | . . Repair Stations . | . . Recycling Units 2 | . 2 Scanalyzers . | . . Garrison Access . | . . Terminal Hacks . | . . Fabricator Hacks . | . . Repair Station Hacks . | . . Recycling Unit Hacks . | . . Scanalyzer . | . . Garrison Access Hacks . | . . Unauthorized Hacks 3 | . 3 Terminals 1 | . 1 Botnet 1 | . 1 Fabricators . | . . Repair Stations . | . . Recycling Units 2 | . 2 Recyclers 1 | . 1 Mask 1 | . 1 Scanalyzers . | . . Garrison Access . | . . Data Cores Recovered 1 | . 1 Used 1 | . 1 Hacking Detections 3 | . 3 Full Trace Events . | . . Feedback Events . | . . Feedback Blocked . | . . Robot Schematics Acquired . | . . Robots Built . | . . Authchips . | . . Time . | . . Total Robot Build Rating . | . . Part Schematics Acquired . | . . Parts Built . | . . Authchips . | . . Time . | . . Total Part Build Rating . | . . Parts Repaired . | . . Time . | . . Parts Recycled . | . . Recycled Matter . | . . Retrieved Matter . | . . Retrieved Components . | . . Parts Scanalyzed . | . . Part Schematics Acquired . | . . Parts Damaged . | . . Bothacking | -11 -10 ------------ Run | Yrd Mat Used RIF Installer . | . . Robots Hacked 2 | . 2 Non-combat 1 | . 1 Combat 1 | . 1 Robot Hacks Applied 2 | . 2 parse_system 2 | . 2 Relay Couplers Released . | . . Fabnet Peak Effective % . | . . Robots Rewired . | . . Allies Hacked . | . . Hacks Repelled . | . . Allies | -11 -10 -------- Run | Yrd Mat Total Allies . | . . Largest Group . | . . Highest-Rated Group . | . . Highest-Rated Ally . | . . Total Orders . | . . Ally Attacks . | . . Total Damage . | . . Kills . | . . Allies Corrupted . | . . Allies Melted . | . . Intel | -11 -10 ------- Run | Yrd Mat Robot Analysis Total . | . . Derelict Logs Recovered . | . . Drone Launches . | . . Drone Recoveries . | . . Exploration | -11 -10 ------------- Run | Yrd Mat Turns Passed 422 | 59 363 Spaces Moved 306 | 51 255 Core 16 | 14 2 Treads . | . . Legs 30 | 5 25 Wheels 136 | 32 104 Hover . | . . Flight 124 | . 124 Fastest Speed 37 | 50 37 Average Speed 71 | 81 69 Slowest Speed 250 | 120 250 Overloaded Moves . | . . Propulsion Burnouts . | . . Robots Hopped . | . . Cave-ins Triggered . | . . Exploration Rate (%) 23 | 4 42 Regions Visited 1 Branch Regions . Pre-discovered Areas . | . . Known Exits Taken . | . . Unknown Exits Taken 1 | 1 . Scrap Searched . | . . Spaces Dug . | . . Terrain Destroyed . | . . Melee . | . . Projectile . | . . AOE . | . . Terrain Rammed . | . . Walls Destroyed . | . . Machines Disabled . | . . Actions | -11 -10 --------- Run | Yrd Mat Total 436 | 66 370 Wait 37 | . 37 Move 305 | 50 255 Hop . | . . Pick Up 17 | 8 9 Fast Attach 6 | 4 2 Attach 8 | 3 5 Detach 3 | 1 2 Swap 2 | . 2 Drop 10 | . 10 Fire 17 | . 17 Melee 31 | . 31 Ram . | . . Kick . | . . Crush . | . . Escape Stasis . | . . Rewire . | . . Trap . | . . Miscellaneous . | . . Route ------- -11/Scrapyard -10/Materials (discovered 1 exit: [*Min]) History --------- Turn | Location | Event 2 | -11/Scrapyard | Met Revision 17 9 | -11/Scrapyard | Discovered new exit (range 14) 60 | -11/Scrapyard | Entered Materials 175 | -10/Materials | Discovered new exit (range 12) 317 | -10/Materials | Build established: Mutant 404 | -10/Materials | Core integrity fell below 50% 418 | -10/Materials | Core integrity fell below 20% 423 | -10/Materials | Destroyed by G-47 Trooper with Particle Gun Last Messages --------------- 00349_ Acquired 10 matter. 00349_ K-01 Serf collects debris. 00351_ Sneak attack on U-05 Engineer. 00351_ Jacked U-05 Engineer... >>parse_system Reading system data... 00352_ K-01 Serf collects debris. 00367_ Jacked G-34 Mercenary... >>parse_system Reading system data... 00368_ Datajack destroyed. 00370_ Flight Unit destroyed. 00370_ K-01 Serf cleans the Terminal. 00384_ G-34 Mercenary destroyed. 00387_ K-01 Serf collects debris. 00397_ Flight Unit destroyed. 00398_ K-01 Serf collects debris. 00405_ Critical hit (Burn: +37). 00406_ K-01 Serf collects debris. 00423_ Critical hit (Burn: +37). Map ----- +----------------------------------------------------+ | ???????? ???# = #?????????????????????????? | | ?????# """ ??# #?????????????????????????? | | ?????# """ ??# #?????????????????????????? | | ?????# """ ?# ##############?????????????????? | | ?????? ?# # ! ! #?????????????????? | | ?????? """ # # #?????????????????? | | ??# """ # # * #?????????????????? | | ??# """ + + = = #?????????????????? | | ??# # !|# =% #?????????????????? | | #?########## |%####+#######+#?????????????????? | | #?????????# "# #?????????????????????????? | | ####??????# ""# #?????????????????????????? | | !???????# ||# #?????????????????????????? | | !???????# < ""# #?????????????????????????? | | ????????# !!#!#?????????????????????????? | | ????????# ""#%#?????????????????????????? | | ?????????# "# #?????????????????????????? | | ?????????## #### #?????????????????????????? | | ############ #?????????????????????????? | | ## ##%[ !############??????????????? | | [## """ ##= "T" ## k #??????????????? | | =%+= """ ## ## #??????????????? | | * ## """ # ## ##?????????????? | | ## !# % # + #???????????? | | ## %r* % %g! #??????????????? | | ## %#= !! [#@ #??????????????? | | ## / # !! # k k#??????????????? | | ## // ######## # #??????????????? | | ###########??????# ####+######??????????????? | | #????????????????# #??? #???????????????????? | | #????????????????# #????#???????????????????? | | ##??????????????? ????????????????????????? | | ????????# ???????????????????????? | | ???????? ??????????????????????? | | ???????## ?????????????????????? | | ###########????????# ####????????????????????? | | ???????????????????###+###???????????????????????? | | ?????????????????????????????????????????????????? | | ?????????????????????????????????????????????????? | | ?????????????????????????????????????????????????? | | ?????????????????????????????????????????????????? | | ?????????????????????????????????????????????????? | | ?????????????????????????????????????????????????? | | ?????????????????????????????????????????????????? | | ?????????????????????????????????????????????????? | | ?????????????????????????????????????????????????? | | ?????????????????????????????????????????????????? | | ?????????????????????????????????????????????????? | | ?????????????????????????????????????????????????? | | ?????????????????????????????????????????????????? | +----------------------------------------------------+ Best States ------------- Heat Dissipation 39 Energy Generation 10 Energy Capacity 250 Matter Stores 300 Matter Capacity 300 Sight Range 16 Terrain Scan Density 10 Evasion (%) 62 Offensive Hacking 10 Item Schematics ----------------- None Robot Schematics ------------------ None Fabricated ------------ Nothing Alien Tech Used ----------------- None Achievements -------------- None Challenges ------------ None Game ------ Seed ResetHardenedGravjet Manual? 0 Play Time 00:10:43 Cumulative 140.6 hours Start 2025.04.07 @ 16:59:49 End 2025.04.07 @ 17:07:07 Sessions 1 Manual Loads 0 Difficulty Rogue Special Mode None Game No. 66 Rogue 53 Adventurer 13 Explorer 0 Win Type - Total 1 Types 1/0/0/0/0/0/0/0/0 Lore% 35 Gallery% 42 Achievement% 40 Wizard Run 0 Options --------- Layout 1 ASCII 0 Keyboard 0 Movement Mouse Keybinds 0 Fullscreen 1 Font 24/Smallcaps Map View 50x35 Zoom Use 0% Tactical HUD 1 Map Filters NONE Filters NONE Steam 0 RUN: 630ea68d-45ef-48ee-a34b-06da9acb5f2c